Map: Monte Asper

Players

Acridian

  • Race: Protoss Protoss

MeeSyau

  • Race: Terran Terran

General

  • Race: Zerg Zerg

RoteLokke

  • Race: Zerg Zerg
  • League: Gold

xanox

  • Race: Protoss Protoss

rude

  • Race: Protoss Protoss

Jhyrachy

  • Race: Protoss Protoss
  • League: Gold

CYRAX

  • Race: Protoss Protoss

VOD

Have the link to the VOD?

Description

Time

  • Played on: April 25, 2016, 8:09 a.m.
  • Length: 17:11
Show
View Real Time Build Order
Export as new Build Order

Acridian Protoss 

Build Orders:  

Get SALT Encoding   

  12  0:01  Probe (Chrono Boost)  
  13  0:11  Probe (Chrono Boost)  
  14  0:20  Pylon  
  14  0:30  Probe (Chrono Boost)  
  15  0:41  Probe (Chrono Boost)  
  16  0:43  Gateway  
  16  0:51  Probe (Chrono Boost)  
  16  0:56  Assimilator  
  17  1:02  Probe (Chrono Boost)  
  18  1:11  Assimilator  
  18  1:12  Probe (Chrono Boost)  
  19  1:20  Pylon  
  19  1:23  Probe (Chrono Boost)  
  20  1:33  Probe (Chrono Boost)  
  21  1:46  Cybernetics Core  
  21  1:56  Nexus  
  21  2:01  Zealot  
  19  2:39  Mothership Core (Chrono Boost)  
  21  2:57  Probe (Chrono Boost)  
  22  3:08  Probe x2 (Chrono Boost)  
  24  3:19  Probe x2 (Chrono Boost)  
  26  3:24  Protoss Air Weapons Level 1 (Chrono Boost)  
  26  3:29  Assimilator, Probe (Chrono Boost)  
  26  3:30  Probe (Chrono Boost)  
  28  3:40  Probe x2 (Chrono Boost)  
  30  3:49  Assimilator  
  30  3:51  Probe x2 (Chrono Boost)  
  32  4:00  Probe (Chrono Boost)  
  33  4:04  Probe (Chrono Boost)  
  33  4:05  Stargate  
  34  4:10  Probe  
  34  4:16  Probe  
  36  4:20  Probe  
  37  4:28  Probe  
  38  4:31  Probe  
  39  4:39  Pylon  
  39  4:40  Probe  
  39  4:41  Zealot  
  42  4:48  Probe  
  43  4:58  Void Ray  
  47  5:02  Pylon  
  47  5:08  Forge, Zealot  
  49  5:15  Probe  
  49  5:19  Stargate  
  50  5:23  Pylon  
  50  5:26  Probe  
  51  5:35  Protoss Air Armor Level 1 (Chrono Boost), Probe  
  51  5:37  Probe  
  51  5:41  Void Ray (Chrono Boost)  
  57  5:46  Protoss Shields Level 1  
  57  5:53  Probe  
  58  6:03  Probe  
  59  6:07  Void Ray (Chrono Boost)  
  63  6:23  Void Ray (Chrono Boost)  
  63  6:24  Stargate  
  67  6:45  Pylon  
  67  6:49  Pylon  
  67  7:01  Probe, Photon Cannon  
  67  7:04  Void Ray x2 (Chrono Boost)  
  80  7:09  Pylon  
  80  7:14  Void Ray (Chrono Boost)  
  80  7:23  Robotics Facility  
  80  7:41  Void Ray x2 (Chrono Boost)  
  88  7:46  Pylon  
  92  8:00  Photon Cannon, Void Ray (Chrono Boost)  
  92  8:07  Photon Cannon  
  92  8:10  Warp Prism  
  92  8:11  Twilight Council  
  94  8:25  Pylon  
  94  8:45  Void Ray x2 (Chrono Boost), Fleet Beacon  
  106  8:49  Void Ray (Chrono Boost)  
  106  9:15  Protoss Shields Level 2  
  70  10:19  Void Ray (Chrono Boost)  
  70  10:20  Tempest (Chrono Boost)  
  66  10:21  Tempest (Chrono Boost)  
  70  10:33  Protoss Air Weapons Level 2 (Chrono Boost)  
  70  10:54  Tempest  
  70  10:59  Nexus, Observer  
  70  11:01  Void Ray  
  70  11:02  Void Ray  
  83  11:22  Stargate  
  83  11:24  Pylon  
  83  11:28  Pylon  
  83  11:31  Void Ray, Pylon  
  83  11:33  Pylon  
  87  11:45  Void Ray  
  91  12:01  Void Ray (Chrono Boost)  
  95  12:12  Tempest (Chrono Boost)  
  95  12:13  Void Ray (Chrono Boost)  
  103  12:31  Protoss Air Armor Level 2 (Chrono Boost)  
  103  12:36  Void Ray (Chrono Boost)  
  107  12:54  Void Ray (Chrono Boost)  
  115  12:58  Tempest (Chrono Boost)  
  114  13:26  Tempest (Chrono Boost)  
  115  13:35  Tempest (Chrono Boost)  
  80  14:12  Tempest (Chrono Boost)  
  84  14:19  Tempest (Chrono Boost)  
  92  14:25  Tempest (Chrono Boost)  
  88  15:02  Assimilator  
  88  15:05  Assimilator  
  68  15:48  Tempest (Chrono Boost)  
  68  16:23  Void Ray (Chrono Boost)  
  68  16:24  Void Ray (Chrono Boost)  
  76  16:52  Nexus  
Show
View Real Time Build Order
Export as new Build Order

MeeSyau Terran 

Build Orders: Command Center First (CC) 

Get SALT Encoding   

  12  0:03  SCV  
  13  0:18  Supply Depot  
  13  0:19  SCV  
  14  0:31  SCV  
  15  0:43  SCV  
  16  0:55  SCV  
  17  1:02  Command Center  
  17  1:11  SCV  
  18  1:23  SCV  
  19  1:27  Barracks  
  19  1:34  Supply Depot  
  19  1:35  SCV  
  20  1:47  SCV  
  21  1:59  SCV  
  22  2:16  Orbital Command  
  22  2:18  Refinery  
  22  2:24  Refinery  
  22  2:26  Refinery  
  22  2:28  Orbital Command  
  22  2:35  Refinery  
  22  2:38  Marine  
  22  2:40  Bunker  
  23  2:46  Barracks  
  22  2:52  SCV  
  23  3:01  SCV  
  24  3:08  Barracks Tech Lab  
  24  3:15  Barracks  
  24  3:20  Supply Depot  
  24  3:23  SCV  
  24  3:24  SCV  
  28  3:34  Marauder  
  28  3:35  Marine, SCV  
  28  3:36  SCV  
  31  3:43  Ghost Academy  
  31  3:47  SCV  
  32  3:48  Engineering Bay  
  32  3:55  Supply Depot, SCV  
  33  3:59  SCV  
  34  4:07  SCV  
  35  4:11  SCV  
  35  4:12  Barracks Tech Lab  
  35  4:13  Barracks Tech Lab  
  36  4:18  Barracks  
  36  4:19  SCV  
  36  4:20  Missile Turret  
  36  4:23  SCV  
  38  4:27  Personal Cloaking  
  38  4:28  Terran Infantry Weapons Level 1  
  39  4:31  SCV  
  39  4:39  Missile Turret  
  39  4:46  SCV  
  39  4:47  SCV  
  41  4:58  SCV  
  41  4:59  SCV  
  43  5:05  Barracks Tech Lab  
  43  5:11  SCV x2  
  43  5:13  Factory  
  45  5:14  Supply Depot  
  45  5:17  Missile Turret  
  45  5:24  Supply Depot  
  45  5:28  Command Center  
  45  5:39  Ghost  
  45  5:40  Ghost x2  
  51  5:45  Ghost  
  53  5:57  Armory  
  53  6:04  Starport, SCV  
  53  6:05  SCV  
  53  6:11  Supply Depot  
  55  6:16  SCV  
  56  6:26  Ghost x4  
  64  6:41  SCV  
  65  6:50  Command Center  
  65  7:01  SCV x2  
  67  7:06  Supply Depot  
  67  7:07  Supply Depot x2  
  67  7:12  Supply Depot  
  67  7:13  Orbital Command  
  67  7:20  Ghost x3  
  67  7:21  Ghost  
  75  7:32  Barracks x3  
  75  7:36  Barracks  
  75  7:37  Refinery  
  75  7:39  Refinery  
  75  8:31  Ghost  
  75  8:32  Ghost x3  
  83  8:35  Barracks Tech Lab x4  
  83  8:40  Starport Reactor, Barracks x2  
  83  8:43  Widow Mine  
  83  8:45  SCV x2  
  87  8:52  Orbital Command  
  87  8:54  Refinery  
  87  9:02  Refinery  
  87  9:10  Ghost x5  
  87  9:11  Ghost x2  
  101  9:17  Ghost  
  103  9:30  Barracks Tech Lab x2  
  103  9:33  Medivac x2  
  103  9:37  Nuke  
  107  9:39  Terran Infantry Weapons Level 2  
  107  9:45  Widow Mine  
  107  9:46  Engineering Bay  
  109  10:41  Medivac x2  
  113  10:52  Ghost x4  
  113  10:53  Ghost x5  
  113  10:55  Ghost  
  133  10:58  Terran Infantry Armor Level 1  
  133  11:11  Medivac  
  135  11:30  Command Center  
  135  11:32  SCV x2  
  137  11:48  Missile Turret  
  137  11:50  Missile Turret  
  137  11:52  Missile Turret  
  133  13:37  Terran Infantry Armor Level 2, Terran Infantry Weapons Level 3  
  133  13:52  Ghost x7  
  147  13:56  Ghost  
  133  15:10  Supply Depot  
  133  15:12  Supply Depot  
  132  15:15  Supply Depot  
  130  15:29  Ghost x2, SCV  
  130  15:30  SCV x2  
  97  15:41  SCV  
  97  15:42  SCV x2  
  98  15:54  SCV  
  98  15:55  Ghost x5  
  98  15:56  Ghost x2  
  66  16:55  SCV  
Show
View Real Time Build Order
Export as new Build Order

General Zerg 

Build Orders: Pool First 

Get SALT Encoding   

  12  0:03  Drone  
  13  0:10  Drone  
  14  0:17  Overlord  
  14  0:39  Spawning Pool  
  13  0:53  Drone x3  
  16  0:59  Extractor  
  15  1:07  Drone  
  16  1:17  Drone  
  17  1:27  Queen  
  17  1:28  Drone  
  20  1:40  Roach Warren  
  20  1:43  Drone  
  20  1:51  Extractor  
  19  1:59  Zergling x4  
  21  2:15  Zergling x2  
  21  2:37  Overlord  
  21  2:38  Overlord  
  21  2:41  Overlord  
  21  2:42  Overlord  
  21  2:59  Roach x3  
  27  3:09  Hatchery  
  26  3:13  Drone  
  27  3:25  Roach x3  
  33  3:27  Drone  
  34  3:43  Drone  
  35  3:49  Drone  
  35  3:51  Drone x2  
  35  3:52  Roach  
  40  3:57  Lair  
  40  4:00  Drone  
  41  4:12  Roach  
  43  4:21  Queen  
  43  4:22  Drone  
  46  4:28  Roach  
  48  4:46  Roach x2  
  48  4:48  Drone x2  
  54  4:54  Overlord  
  54  4:59  Drone  
  55  5:09  Roach  
  57  5:14  Infestation Pit  
  57  5:15  Drone  
  57  5:16  Drone x2  
  59  5:26  Drone x3  
  62  5:40  Drone x2, Spire  
  62  5:41  Roach  
  65  6:00  Infestor  
  67  6:04  Overlord x4  
  65  6:50  Infestor  
  65  6:51  Roach x2  
  71  7:07  Roach x2  
  71  7:08  Corruptor x3, Roach x2  
  81  7:10  Roach  
  87  7:19  Extractor  
  87  7:21  Extractor  
  85  7:24  Hatchery  
  84  7:33  Spine Crawler  
  84  7:34  Spine Crawler  
  82  7:41  Spine Crawler  
  82  7:42  Spine Crawler  
  80  7:48  Overseer  
  80  7:49  Drone x4  
  80  7:50  Drone  
  85  7:53  Drone x5  
  85  7:54  Drone  
  91  8:04  Drone x3  
  91  8:05  Drone  
  95  8:15  Drone  
  96  8:31  Corruptor x2  
  100  8:34  Overlord  
  100  8:35  Overlord x4  
  100  8:41  Drone  
  100  8:45  Corruptor  
  104  9:24  Drone x4  
  104  9:25  Drone x2  
  104  9:29  Extractor  
  108  9:32  Extractor  
  108  9:33  Drone x5  
  108  9:34  Drone x2  
  114  9:42  Corruptor x3  
  114  9:43  Corruptor x3  
  116  10:19  Corruptor x4  
  116  10:20  Corruptor  
  116  10:21  Corruptor x3  
  132  10:42  Evolution Chamber  
  131  10:43  Evolution Chamber  
  131  10:45  Mutalisk x2, Drone  
  135  10:58  Overlord  
  135  10:59  Overlord x6  
  135  11:14  Roach  
  135  11:16  Burrow  
  135  11:17  Tunneling Claws  
  137  11:33  Zerg Missile Weapons Level 1  
  137  11:44  Roach  
  137  11:45  Roach x11  
  157  12:45  Infestor x2  
  157  12:47  Roach x4  
  157  12:48  Mutalisk, Roach  
  157  12:49  Roach x2  
  157  12:50  Roach x3  
  173  14:43  Spine Crawler  
  172  14:49  Pathogen Glands  
  172  14:56  Drone  
  172  14:58  Drone x2  
  175  15:07  Hive  
  161  16:29  Corruptor x3  
  161  16:30  Corruptor x6  
  161  16:32  Mutalisk x4  
  179  16:33  Mutalisk x4  
  193  16:44  Overlord x2  
  193  16:45  Overlord  
Show
View Real Time Build Order
Export as new Build Order

RoteLokke Zerg 

Build Orders: Hatch First 

Get SALT Encoding   

  12  0:22  Drone  
  12  0:23  Drone  
  14  0:33  Overlord  
  14  0:49  Hatchery  
  13  0:59  Drone x3  
  16  1:13  Spawning Pool  
  16  1:16  Extractor  
  14  1:26  Drone  
  16  1:32  Drone  
  16  1:33  Drone  
  17  1:45  Extractor  
  16  1:51  Drone  
  17  2:03  Queen  
  19  2:11  Spine Crawler  
  13  2:40  Metabolic Boost  
  13  2:45  Zergling x8  
  17  2:58  Drone  
  17  2:59  Drone  
  19  3:18  Spore Crawler  
  18  3:28  Queen  
  20  3:35  Drone  
  20  3:40  Drone  
  22  3:53  Drone x2  
  24  4:04  Drone  
  24  4:05  Drone  
  26  4:15  Spore Crawler  
  25  4:25  Overlord  
  26  4:31  Drone x2  
  27  4:53  Lair  
  27  5:21  Zergling x12  
  31  5:22  Zergling x6  
  31  5:25  Overlord  
  23  6:54  Hydralisk Den  
  23  6:55  Drone x6  
  23  6:56  Drone x2  
  30  7:02  Extractor  
  30  7:03  Extractor  
  28  7:12  Hatchery  
  27  7:16  Drone x2  
  27  7:17  Drone x4  
  27  7:19  Evolution Chamber  
  27  7:20  Evolution Chamber  
  31  7:26  Muscular Augments  
  31  7:49  Hydralisk  
  31  7:50  Hydralisk  
  31  7:51  Hydralisk  
  35  7:52  Hydralisk  
  35  7:53  Hydralisk  
  35  7:57  Overlord  
  41  8:04  Zerg Missile Weapons Level 1  
  41  8:08  Zerg Ground Armor Level 1  
  41  8:10  Drone  
  43  8:12  Drone  
  43  8:34  Spore Crawler, Hydralisk  
  42  8:35  Hydralisk  
  42  8:36  Spore Crawler  
  42  8:41  Spore Crawler  
  39  9:14  Overlord x3  
  39  9:15  Overlord  
  39  9:23  Overlord x2  
  35  9:31  Queen  
  27  9:46  Hydralisk x5  
  37  10:04  Queen  
  39  10:18  Drone  
  39  10:19  Spore Crawler x2, Drone x3  
  41  10:31  Drone x3  
  41  10:32  Drone  
  45  10:36  Extractor  
  44  10:56  Hydralisk x3  
  44  10:57  Hydralisk  
  52  11:26  Drone x5  
  52  11:27  Drone x6  
  63  11:46  Zerg Missile Weapons Level 2  
  63  12:11  Hydralisk  
  63  12:12  Hydralisk x4  
  73  12:17  Overlord x3  
  73  12:29  Extractor  
  72  12:33  Extractor  
  71  13:05  Hydralisk x3  
  71  13:06  Hydralisk x6  
  71  14:17  Hydralisk x6  
  71  14:18  Hydralisk x7  
  97  14:29  Overlord  
  97  14:47  Queen  
  85  15:45  Hydralisk x4  
  85  15:46  Hydralisk x3  
  83  16:49  Drone x3  
  86  16:56  Drone x3  
Show
View Real Time Build Order
Export as new Build Order

xanox Protoss 

Build Orders:  

Get SALT Encoding   

  12  0:03  Probe (Chrono Boost)  
  14  0:14  Probe (Chrono Boost)  
  14  0:24  Probe (Chrono Boost)  
  15  0:41  Pylon  
  15  0:59  Probe (Chrono Boost)  
  15  1:00  Gateway  
  16  1:06  Assimilator  
  16  1:10  Assimilator  
  16  1:13  Probe (Chrono Boost)  
  17  1:23  Probe (Chrono Boost)  
  18  1:34  Probe (Chrono Boost)  
  19  1:45  Probe (Chrono Boost)  
  20  1:55  Probe (Chrono Boost)  
  20  1:59  Cybernetics Core  
  21  2:02  Nexus  
  21  2:06  Probe (Chrono Boost)  
  22  2:16  Assimilator, Probe (Chrono Boost)  
  22  2:21  Pylon  
  23  2:27  Assimilator  
  23  2:51  Stargate  
  23  2:55  Stargate  
  23  3:01  Pylon  
  24  3:13  Probe (Chrono Boost)  
  25  3:20  Probe (Chrono Boost)  
  25  3:23  Probe (Chrono Boost)  
  26  3:30  Probe (Chrono Boost)  
  26  3:34  Probe (Chrono Boost)  
  28  3:38  Void Ray  
  28  3:41  Probe (Chrono Boost)  
  33  3:44  Probe (Chrono Boost)  
  34  3:51  Probe (Chrono Boost)  
  35  4:02  Probe (Chrono Boost)  
  36  4:12  Probe (Chrono Boost)  
  36  4:15  Void Ray  
  41  4:23  Probe (Chrono Boost)  
  41  4:24  Void Ray  
  46  4:32  Probe (Chrono Boost)  
  46  4:33  Probe (Chrono Boost)  
  48  4:42  Probe (Chrono Boost)  
  48  4:44  Probe (Chrono Boost)  
  51  4:53  Probe (Chrono Boost)  
  51  4:54  Probe (Chrono Boost)  
  52  5:03  Probe (Chrono Boost), Pylon  
  52  5:04  Pylon  
  52  5:05  Probe (Chrono Boost)  
  54  5:07  Pylon  
  54  5:08  Pylon  
  54  5:12  Pylon  
  54  5:21  Void Ray  
  54  5:22  Probe x2 (Chrono Boost)  
  60  5:32  Probe (Chrono Boost)  
  61  5:40  Pylon x2  
  61  5:43  Protoss Air Weapons Level 1 (Chrono Boost)  
  61  5:47  Stargate  
  61  5:49  Stargate  
  61  5:58  Forge  
  61  6:03  Twilight Council  
  61  6:12  Void Ray  
  61  6:14  Void Ray  
  69  6:33  Protoss Shields Level 1 (Chrono Boost)  
  69  6:35  Void Ray  
  69  6:37  Void Ray  
  77  6:55  Void Ray  
  77  6:57  Void Ray  
  85  7:16  Protoss Air Armor Level 1  
  85  7:18  Void Ray  
  85  7:20  Robotics Facility  
  89  7:25  Pylon  
  89  7:27  Pylon  
  89  7:28  Pylon  
  89  7:30  Pylon  
  89  7:31  Pylon  
  89  7:34  Void Ray  
  93  8:10  Void Ray  
  93  8:11  Void Ray  
  93  8:12  Void Ray  
  105  8:17  Observer  
  106  9:02  Void Ray x3  
  110  9:18  Void Ray  
  110  9:47  Void Ray x2  
  118  10:13  Void Ray x2  
  110  10:38  Warp Prism  
  110  10:41  Void Ray x2  
  120  10:54  Protoss Shields Level 2 (Chrono Boost)  
  120  11:11  Fleet Beacon  
  120  11:55  Protoss Air Weapons Level 2  
  120  12:16  Void Ray  
  120  12:21  Void Ray x3  
  136  12:38  Nexus  
  135  12:56  Nexus  
  135  12:59  Assimilator  
  135  13:01  Assimilator  
  135  13:15  Void Ray x2  
  135  13:16  Void Ray  
  75  14:19  Probe  
  76  14:30  Probe  
  77  14:40  Probe  
  78  14:51  Probe  
  79  15:00  Carrier x3  
  79  15:01  Probe  
  98  16:11  Assimilator  
Show
View Real Time Build Order
Export as new Build Order

rude Protoss 

Build Orders:  

Get SALT Encoding   

  12  0:04  Probe (Chrono Boost)  
  13  0:15  Probe (Chrono Boost)  
  13  0:20  Pylon  
  14  0:25  Probe (Chrono Boost)  
  15  0:38  Probe (Chrono Boost)  
  15  0:40  Gateway  
  16  0:48  Probe (Chrono Boost)  
  17  0:59  Probe (Chrono Boost)  
  17  1:03  Pylon  
  18  1:10  Probe (Chrono Boost)  
  19  1:13  Forge  
  19  1:20  Probe (Chrono Boost)  
  20  1:31  Cybernetics Core, Probe (Chrono Boost)  
  21  1:35  Pylon  
  21  1:49  Assimilator  
  21  1:59  Photon Cannon  
  21  2:02  Photon Cannon  
  21  2:17  Gateway  
  21  2:19  Photon Cannon, Gateway  
  21  2:27  Pylon  
  22  2:37  Probe (Chrono Boost)  
  22  2:48  Probe (Chrono Boost)  
  22  2:50  Pylon  
  23  2:55  Pylon  
  23  2:58  Probe (Chrono Boost)  
  24  3:00  Assimilator  
  24  3:01  Assimilator  
  24  3:05  Assimilator  
  24  3:16  Probe (Chrono Boost)  
  26  3:27  Probe (Chrono Boost)  
  26  3:30  Photon Cannon  
  26  3:37  Probe (Chrono Boost), Photon Cannon  
  27  3:48  Probe (Chrono Boost)  
  28  3:58  Nexus, Probe (Chrono Boost)  
  29  4:15  Pylon  
  29  4:18  Probe (Chrono Boost)  
  30  4:29  Probe (Chrono Boost)  
  31  4:39  Probe (Chrono Boost)  
  32  4:50  Probe (Chrono Boost)  
  33  4:53  Assimilator  
  33  4:59  Assimilator  
  33  5:00  Probe (Chrono Boost)  
  33  5:01  Pylon  
  34  5:11  Probe (Chrono Boost)  
  35  5:15  Probe (Chrono Boost)  
  36  5:21  Probe (Chrono Boost)  
  36  5:25  Probe (Chrono Boost)  
  36  5:27  Warp Gate  
  38  5:32  Probe (Chrono Boost)  
  39  5:35  Pylon  
  39  5:36  Probe (Chrono Boost)  
  39  5:39  Twilight Council  
  41  5:42  Probe (Chrono Boost)  
  41  5:45  Pylon  
  41  5:46  Probe (Chrono Boost)  
  41  5:47  Pylon  
  42  5:52  Pylon  
  42  5:53  Probe (Chrono Boost)  
  44  5:57  Probe (Chrono Boost)  
  44  5:58  Pylon  
  44  6:00  Pylon  
  44  6:03  Pylon  
  44  6:04  Pylon  
  44  6:07  Photon Cannon  
  44  6:09  Photon Cannon  
  38  6:39  Pylon  
  38  6:59  Photon Cannon  
  38  7:02  Photon Cannon  
  38  7:05  Photon Cannon  
  38  7:11  Dark Shrine  
  38  7:23  Probe (Chrono Boost)  
  38  7:28  Charge  
  39  7:32  Protoss Air Weapons Level 1 (Chrono Boost)  
  39  7:40  Stargate  
  39  7:42  Stargate  
  39  7:43  Stargate  
  39  7:44  Stargate  
  39  7:46  Stargate  
  39  7:51  Photon Cannon  
  39  7:54  Photon Cannon  
  39  7:57  Photon Cannon  
  39  7:58  Photon Cannon  
  39  8:03  Photon Cannon x2  
  39  8:05  Pylon  
  39  8:06  Pylon  
  39  8:08  Photon Cannon  
  39  8:09  Pylon  
  39  8:17  Probe  
  40  8:20  Assimilator  
  40  8:21  Probe  
  41  8:27  Probe  
  41  8:31  Void Ray  
  41  8:33  Probe  
  47  8:38  Probe  
  48  8:45  Probe  
  49  9:07  Void Ray  
  53  9:11  Void Ray  
  53  9:12  Nexus  
  53  9:14  Protoss Air Armor Level 1 (Chrono Boost)  
  53  9:15  Pylon  
  57  9:30  Fleet Beacon  
  57  9:34  Void Ray  
  61  9:46  Void Ray  
  65  10:08  Assimilator  
  65  10:11  Assimilator  
  55  10:26  Robotics Facility  
  52  10:44  Void Ray (Chrono Boost)  
  52  10:45  Void Ray x2 (Chrono Boost)  
  52  10:47  Probe  
  65  10:51  Protoss Air Weapons Level 2 (Chrono Boost)  
  65  10:57  Probe x2  
  67  11:08  Probe x2  
  67  11:10  Pylon  
  69  11:15  Observer  
  70  11:19  Probe x2  
  70  11:24  Void Ray (Chrono Boost)  
  76  11:31  Probe, Void Ray (Chrono Boost)  
  81  11:36  Observer  
  82  11:45  Photon Cannon  
  82  11:51  Void Ray (Chrono Boost)  
  63  12:39  Void Ray x2 (Chrono Boost)  
  63  12:41  Void Ray (Chrono Boost)  
  67  12:45  Void Ray (Chrono Boost)  
  67  12:50  Probe (Chrono Boost)  
  72  13:00  Probe (Chrono Boost)  
  73  13:11  Probe  
  74  13:19  Void Ray x2 (Chrono Boost)  
  78  13:20  Protoss Air Weapons Level 3  
  78  13:24  Probe  
  79  13:35  Observer  
  79  13:38  Void Ray (Chrono Boost)  
  88  13:47  Void Ray (Chrono Boost)  
  88  13:56  Observer  
  89  14:18  Observer  
  70  14:39  Observer  
  70  14:59  Void Ray x3 (Chrono Boost)  
  78  15:01  Observer  
  78  15:05  Void Ray x2 (Chrono Boost)  
  79  15:36  Void Ray (Chrono Boost)  
  79  15:37  Void Ray (Chrono Boost)  
Show
View Real Time Build Order
Export as new Build Order

Jhyrachy Protoss 

Build Orders: Cannon Rush 

Get SALT Encoding   

  12  0:05  Probe (Chrono Boost)  
  13  0:16  Probe (Chrono Boost)  
  14  0:23  Pylon  
  14  0:28  Probe (Chrono Boost)  
  15  0:46  Probe (Chrono Boost)  
  16  0:53  Forge  
  16  0:56  Probe (Chrono Boost)  
  17  1:07  Probe (Chrono Boost), Pylon  
  18  1:16  Assimilator  
  18  1:17  Probe (Chrono Boost)  
  19  1:25  Pylon  
  20  1:40  Probe (Chrono Boost)  
  20  1:47  Photon Cannon  
  20  1:48  Photon Cannon  
  20  1:49  Pylon  
  20  1:57  Photon Cannon  
  19  2:38  Nexus  
  19  2:40  Probe (Chrono Boost)  
  20  2:44  Assimilator  
  20  2:49  Assimilator  
  20  2:50  Probe (Chrono Boost)  
  21  2:53  Assimilator  
  21  2:58  Gateway  
  21  3:01  Probe (Chrono Boost)  
  21  3:04  Photon Cannon  
  22  3:12  Probe (Chrono Boost)  
  23  3:24  Probe (Chrono Boost)  
  24  3:34  Probe (Chrono Boost)  
  25  3:45  Probe (Chrono Boost)  
  26  3:54  Cybernetics Core  
  26  3:57  Photon Cannon  
  26  4:01  Probe (Chrono Boost)  
  27  4:03  Probe (Chrono Boost)  
  28  4:12  Probe (Chrono Boost)  
  28  4:13  Probe (Chrono Boost)  
  28  4:14  Photon Cannon  
  30  4:21  Pylon  
  31  4:24  Probe (Chrono Boost)  
  31  4:26  Probe (Chrono Boost)  
  32  4:37  Probe (Chrono Boost)  
  33  4:48  Mothership Core (Chrono Boost)  
  35  4:53  Stargate  
  35  4:54  Pylon  
  35  5:07  Stargate  
  35  5:14  Warp Gate  
  35  5:28  Probe (Chrono Boost)  
  36  5:32  Probe (Chrono Boost)  
  37  5:38  Probe (Chrono Boost)  
  37  5:41  Phoenix (Chrono Boost)  
  40  5:43  Probe (Chrono Boost)  
  40  5:48  Probe (Chrono Boost)  
  42  5:52  Phoenix (Chrono Boost)  
  42  5:53  Probe (Chrono Boost)  
  45  5:59  Probe  
  46  6:05  Phoenix (Chrono Boost), Probe  
  46  6:06  Pylon  
  49  6:14  Phoenix (Chrono Boost)  
  51  6:35  Phoenix (Chrono Boost)  
  51  6:36  Phoenix (Chrono Boost)  
  55  6:56  Phoenix (Chrono Boost)  
  55  7:01  Phoenix (Chrono Boost)  
  59  7:08  Protoss Air Weapons Level 1  
  59  7:18  Phoenix (Chrono Boost)  
  59  7:20  Protoss Shields Level 1  
  63  7:22  Phoenix (Chrono Boost)  
  63  7:33  Robotics Facility  
  63  7:40  Phoenix (Chrono Boost)  
  63  7:42  Fleet Beacon  
  67  7:44  Phoenix (Chrono Boost)  
  67  8:01  Phoenix (Chrono Boost)  
  69  8:24  Observer  
  70  8:31  Pylon  
  70  8:37  Pylon  
  70  8:38  Pylon  
  70  8:43  Anion Pulse-Crystals  
  70  8:50  Phoenix x2 (Chrono Boost)  
  74  9:11  Phoenix x2 (Chrono Boost)  
  78  9:20  Warp Prism  
  80  9:33  Phoenix x2 (Chrono Boost)  
  67  10:25  Protoss Air Weapons Level 2  
  71  10:28  Phoenix (Chrono Boost)  
  71  10:29  Phoenix (Chrono Boost)  
  71  10:50  Phoenix x2 (Chrono Boost), Twilight Council  
  75  11:01  Nexus  
  75  11:06  Pylon  
  75  11:07  Pylon  
  75  11:10  Pylon  
  75  11:11  Pylon  
  75  11:12  Phoenix x2 (Chrono Boost)  
  75  11:13  Pylon  
  75  11:18  Pylon  
  79  11:20  Pylon  
  79  11:26  Protoss Shields Level 2  
  79  11:33  Phoenix (Chrono Boost)  
  79  11:34  Phoenix (Chrono Boost)  
  83  11:46  Photon Cannon  
  83  11:48  Photon Cannon  
  83  11:51  Photon Cannon  
  83  11:53  Photon Cannon  
  83  11:55  Phoenix x2 (Chrono Boost)  
  83  11:56  Photon Cannon  
  83  12:01  Photon Cannon  
  87  12:11  Photon Cannon x2  
  87  12:19  Photon Cannon  
  87  12:29  Photon Cannon  
  87  12:44  Protoss Air Weapons Level 3  
  87  12:49  Phoenix x2 (Chrono Boost)  
  91  13:11  Phoenix x2 (Chrono Boost)  
  87  13:32  Phoenix (Chrono Boost)  
  55  14:04  Phoenix x2 (Chrono Boost)  
  59  14:26  Phoenix x2 (Chrono Boost)  
  53  14:48  Phoenix x2 (Chrono Boost)  
  57  15:09  Phoenix (Chrono Boost)  
  57  15:10  Phoenix (Chrono Boost)  
  52  15:32  Carrier x2 (Chrono Boost)  
  64  15:42  Graviton Catapult  
Show
View Real Time Build Order
Export as new Build Order

CYRAX Protoss 

Build Orders: Double Forge 

Get SALT Encoding   

  12  0:06  Probe (Chrono Boost)  
  13  0:22  Probe (Chrono Boost)  
  14  0:33  Probe (Chrono Boost)  
  15  0:44  Pylon  
  15  1:06  Forge  
  15  1:21  Forge  
  15  1:32  Probe (Chrono Boost)  
  16  1:43  Probe (Chrono Boost)  
  17  1:53  Probe (Chrono Boost)  
  18  2:04  Probe (Chrono Boost)  
  19  2:14  Probe (Chrono Boost)  
  20  2:22  Assimilator  
  20  2:25  Probe (Chrono Boost)  
  20  2:27  Assimilator  
  21  2:33  Pylon  
  21  2:35  Probe (Chrono Boost)  
  22  3:32  Nexus  
  22  3:34  Assimilator  
  22  3:35  Forge  
  22  3:39  Assimilator  
  22  3:41  Gateway  
  22  3:42  Pylon  
  22  3:50  Probe (Chrono Boost)  
  22  3:53  Pylon  
  23  3:57  Pylon  
  23  4:00  Probe (Chrono Boost)  
  24  4:11  Probe (Chrono Boost)  
  24  4:15  Pylon  
  25  4:21  Probe (Chrono Boost)  
  26  4:32  Probe (Chrono Boost)  
  26  4:33  Cybernetics Core  
  26  4:35  Cybernetics Core  
  26  4:36  Pylon  
  27  4:44  Photon Cannon  
  27  4:46  Probe (Chrono Boost)  
  27  4:48  Photon Cannon  
  28  4:53  Probe (Chrono Boost)  
  28  4:57  Probe (Chrono Boost)  
  30  5:04  Probe (Chrono Boost)  
  31  5:08  Probe (Chrono Boost)  
  32  5:14  Probe (Chrono Boost)  
  32  5:15  Pylon  
  32  5:16  Pylon  
  32  5:18  Probe (Chrono Boost), Pylon  
  34  5:24  Robotics Facility  
  34  5:25  Probe (Chrono Boost)  
  35  5:29  Probe (Chrono Boost)  
  37  5:35  Probe (Chrono Boost)  
  37  5:46  Probe (Chrono Boost)  
  38  5:52  Stargate  
  38  5:54  Stargate  
  38  5:56  Probe (Chrono Boost)  
  39  6:01  Stargate  
  39  6:07  Probe (Chrono Boost)  
  39  6:10  Stargate  
  40  6:13  Photon Cannon x2  
  40  6:17  Probe (Chrono Boost)  
  41  6:22  Pylon  
  41  6:24  Pylon  
  41  6:28  Probe (Chrono Boost), Photon Cannon  
  41  6:29  Photon Cannon  
  42  6:34  Photon Cannon  
  42  6:38  Probe (Chrono Boost)  
  43  6:49  Probe (Chrono Boost)  
  44  7:00  Probe (Chrono Boost)  
  45  7:04  Twilight Council  
  45  7:10  Probe (Chrono Boost)  
  45  7:15  Observer  
  47  7:18  Fleet Beacon  
  47  7:20  Protoss Air Weapons Level 1 (Chrono Boost), Probe (Chrono Boost)  
  48  7:24  Protoss Air Armor Level 1 (Chrono Boost)  
  48  7:30  Protoss Shields Level 1  
  48  7:31  Probe  
  48  7:32  Void Ray  
  48  7:36  Observer  
  54  8:04  Warp Prism  
  56  8:09  Void Ray  
  60  8:15  Void Ray  
  64  8:20  Void Ray  
  68  8:32  Void Ray  
  72  8:56  Nexus  
  72  9:01  Assimilator  
  72  9:05  Assimilator  
  72  9:10  Protoss Air Weapons Level 2 (Chrono Boost)  
  72  9:11  Protoss Air Armor Level 2 (Chrono Boost)  
  72  9:24  Protoss Shields Level 2 (Chrono Boost)  
  72  9:44  Void Ray  
  76  9:47  Void Ray  
  80  10:10  Probe  
  81  10:20  Probe  
  82  10:39  Probe  
  83  10:51  Probe  
  83  10:54  Void Ray  
  83  10:55  Void Ray  
  83  10:56  Void Ray  
  96  10:57  Void Ray  
  96  11:03  Probe  
  101  11:10  Pylon x2  
  101  11:11  Protoss Air Weapons Level 3, Pylon  
  101  11:13  Pylon  
  101  11:15  Probe, Pylon  
  101  11:16  Pylon  
  101  11:18  Pylon  
  102  11:20  Pylon  
  102  11:21  Protoss Air Armor Level 3  
  102  11:22  Pylon  
  102  11:27  Probe  
  103  11:39  Pylon  
  103  11:53  Photon Cannon  
  103  11:54  Protoss Shields Level 3 (Chrono Boost)  
  103  12:00  Void Ray  
  107  12:03  Void Ray  
  111  12:17  Void Ray  
  111  12:20  Void Ray  
  119  12:43  Void Ray  
  123  13:06  Stargate  
  123  13:07  Stargate  
  123  13:10  Photon Cannon  
  123  13:12  Photon Cannon  
  123  13:14  Photon Cannon  
  123  13:15  Photon Cannon  
  123  13:20  Photon Cannon, Void Ray  
  123  13:21  Photon Cannon  
  123  13:22  Void Ray  
  131  13:33  Void Ray  
  135  13:37  Void Ray  
  139  14:03  Void Ray  
  143  14:26  Void Ray x3  
  143  14:27  Void Ray  
  143  14:30  Void Ray  
  163  14:51  Void Ray  
  79  15:55  Graviton Catapult  
  109  16:13  Observer  
  110  16:34  Observer  
Tags
 
Add a new tag
Caveats
  • Supply blocks, unpowered buildings, or Contaminate may cause inaccurate times.
  • Supply counts are checked every 10 seconds.